[ AOE2 MATCH · #497207438 ]
UnrankedBurmese vs Chinese
[ REPLAY ANALYSIS · EXTRACTED FROM THE RECORDED GAME ]
Feudal
8:32
Castle
21:40
Imperial
38:30
| APM avg | 47.4 |
| APM peak | 74 |
| eAPM avg | 32.8 |
| Villagers / military | 294 / 483 |
Focus
⚔️ 48.3% · 🌾 51.7%
Spearman ×127 · Monk ×116 · Knight ×106 · Scout Cavalry ×62 · Trade Cart ×36 · Mangonel ×35
Feudal
8:15
Castle
21:47
Imperial
41:59
| APM avg | 70.4 |
| APM peak | 125 |
| eAPM avg | 28.4 |
| Villagers / military | 148 / 606 |
Focus
⚔️ 38.0% · 🌾 62.0%
Scout Cavalry ×253 · Chu Ko Nu ×161 · Spearman ×79 · Archer ×76 · Trade Cart ×28 · Iron Pagoda ×13
Feudal
7:40
Castle
15:50
Imperial
39:16
| APM avg | 60.2 |
| APM peak | 110 |
| eAPM avg | 42.2 |
| Villagers / military | 262 / 329 |
Focus
⚔️ 53.0% · 🌾 47.0%
Genoese Crossbowman ×281 · Trade Cart ×142 · Bombard Cannon ×21 · Archer ×15 · Mangonel ×5 · Monk ×3
Feudal
8:13
Castle
20:56
Imperial
39:08
| APM avg | 38.3 |
| APM peak | 79 |
| eAPM avg | 18.5 |
| Villagers / military | 137 / 488 |
Focus
⚔️ 34.5% · 🌾 65.5%
Scout Cavalry ×272 · Knight ×185 · Battering Ram ×11 · Mangonel ×10 · Spearman ×5 · Trebuchet (Packed) ×3
Match map
Initial resources + every placement click. Lines = walls · curves = elevation contours. ◆ gold · ⬟ stone · ● berries · ✦ relic · ◌ wall gap
Your base· ✓ Closed at 21:40 · 30t walls · 1 gate(s)
Mongolsbiene's base· ✓ Closed at 21:47 · 5t walls · no gate
TAG_Sitaux's base· ✓ Closed at 15:50 · 35t walls · 1 gate(s)
[BieSt] Bienenkönigin's base· ✓ Closed at 20:56 · 42t walls · 1 gate(s)
Smoothed initial terrain · ◌ = detected wall gap · hover for details
Inputs per minute
— TAG_Smiley - - Mongolsbiene
Build order — TAG_Smiley
First 150 of 1020 actions detected
| 0:00 | Create | Villager (Male) |
| 0:01 | Create | Villager (Male) |
| 0:01 | Create | Villager (Male) |
| 0:04 | Research | Loom |
| 0:20 | Create | Villager (Male) |
| 0:20 | Create | Villager (Male) |
| 0:20 | Create | Villager (Male) |
| 0:22 | Create | Villager (Male) |
| 0:28 | Build | Lumber Camp |
| 0:36 | Build | House |
| 0:44 | Build | House |
| 1:23 | Create | Villager (Male) |
| 1:52 | Create | Villager (Male) |
| 2:33 | Create | Villager (Male) |
| 2:34 | Create | Villager (Male) |
| 2:48 | Build | Mill |
| 3:16 | Create | Villager (Male) |
| 3:33 | Create | Villager (Male) |
| 3:53 | Build | House |
| 3:55 | Build | House |
| 4:16 | Create | Villager (Male) |
| 4:59 | Create | Villager (Male) |
| 5:28 | Create | Villager (Male) |
| 5:49 | Create | Villager (Male) |
| 6:22 | Research | Feudal Age |
| 6:47 | Create | Villager (Male) |
| 6:50 | Build | Barracks |
| 8:32 | Age | Feudal Age |
| 8:38 | Build | Stable |
| 8:58 | Create | Villager (Male) |
| 8:59 | Create | Villager (Male) |
| 9:08 | Create | Spearman |
| 9:15 | Research | Horse Collar |
| 9:22 | Create | Scout Cavalry |
| 9:22 | Create | Scout Cavalry |
| 9:26 | Build | House |
| 9:28 | Build | Palisade Wall |
| 9:31 | Build | House |
| 9:32 | Build | Palisade Wall |
| 9:38 | Create | Spearman |
| 9:42 | Build | House |
| 9:48 | Build | Farm |
| 9:50 | Build | Farm |
| 9:55 | Build | Palisade Wall |
| 9:55 | Build | Palisade Wall |
| 9:56 | Build | Palisade Wall |
| 9:57 | Build | Palisade Wall |
| 9:58 | Build | Palisade Wall |
| 9:58 | Build | Palisade Wall |
| 10:02 | Create | Villager (Male) |
| 10:03 | Create | Villager (Male) |
| 10:07 | Build | Farm |
| 10:18 | Build | Farm |
| 10:21 | Build | Farm |
| 10:23 | Build | Farm |
| 10:35 | Build | House |
| 10:43 | Create | Spearman |
| 10:55 | Create | Spearman |
| 10:55 | Create | Villager (Male) |
| 11:05 | Build | Farm |
| 11:16 | Create | Scout Cavalry |
| 11:19 | Build | House |
| 11:21 | Build | Palisade Wall |
| 11:35 | Build | Palisade Gate |
| 11:36 | Build | House |
| 11:44 | Build | Farm |
| 12:09 | Create | Villager (Male) |
| 12:31 | Build | Farm |
| 12:32 | Create | Villager (Male) |
| 12:32 | Create | Villager (Male) |
| 12:34 | Build | House |
| 12:38 | Build | Mining Camp |
| 12:38 | Create | Villager (Male) |
| 12:38 | Create | Villager (Male) |
| 12:49 | Build | Palisade Wall |
| 12:56 | Build | Palisade Wall |
| 12:56 | Build | Palisade Wall |
| 13:00 | Build | Palisade Wall |
| 13:04 | Build | Farm |
| 13:04 | Build | Farm |
| 13:04 | Build | Farm |
| 13:04 | Build | Farm |
| 13:05 | Create | Villager (Male) |
| 13:06 | Create | Villager (Male) |
| 13:23 | Build | Watch Tower |
| 13:33 | Create | Villager (Male) |
| 13:58 | Create | Villager (Male) |
| 14:13 | Create | Villager (Male) |
| 14:15 | Create | Scout Cavalry |
| 14:19 | Build | Farm |
| 14:27 | Create | Scout Cavalry |
| 14:34 | Build | Farm |
| 14:44 | Create | Scout Cavalry |
| 15:05 | Create | Villager (Male) |
| 15:09 | Create | Scout Cavalry |
| 15:27 | Build | Market |
| 15:30 | Create | Villager (Male) |
| 15:50 | Create | Villager (Male) |
| 15:53 | Create | Villager (Male) |
| 16:04 | Build | Farm |
| 16:07 | Build | Farm |
| 16:21 | Create | Villager (Male) |
| 16:42 | Build | Farm |
| 16:53 | Build | Blacksmith |
| 16:58 | Create | Villager (Male) |
| 17:16 | Build | House |
| 17:22 | Create | Villager (Male) |
| 17:24 | Build | Farm |
| 18:01 | Create | Villager (Male) |
| 18:15 | Create | Spearman |
| 18:28 | Create | Spearman |
| 18:41 | Create | Spearman |
| 18:47 | Create | Villager (Male) |
| 18:58 | Build | House |
| 19:00 | Research | Castle Age |
| 19:04 | Create | Spearman |
| 19:20 | Create | Spearman |
| 19:52 | Build | Stable |
| 20:02 | Create | Spearman |
| 20:04 | Create | Villager (Male) |
| 20:16 | Create | Spearman |
| 20:19 | Research | Scale Barding Armor |
| 20:22 | Create | Spearman |
| 20:52 | Create | Spearman |
| 21:06 | Create | Spearman |
| 21:06 | Create | Spearman |
| 21:40 | Age | Castle Age |
| 21:51 | Create | Villager (Male) |
| 21:56 | Build | Farm |
| 21:59 | Research | Gold Mining |
| 22:04 | Build | House |
| 22:05 | Build | House |
| 22:07 | Build | House |
| 22:11 | Build | Lumber Camp |
| 22:24 | Create | Villager (Male) |
| 22:43 | Research | Pikeman (upgrade) |
| 22:53 | Create | Villager (Male) |
| 23:10 | Create | Spearman |
| 23:13 | Create | Spearman |
| 23:17 | Create | Villager (Male) |
| 23:29 | Build | Town Center |
| 23:42 | Create | Knight |
| 23:46 | Create | Battle Elephant |
| 23:54 | Create | Villager (Male) |
| 24:03 | Build | Town Center |
| 24:23 | Build | Siege Workshop |
| 24:25 | Create | Villager (Male) |
| 24:30 | Create | Battle Elephant |
| 24:31 | Create | Villager (Male) |
| 24:31 | Create | Villager (Male) |
Build order — Mongolsbiene
First 150 of 732 actions detected
| 0:04 | Build | House |
| 0:07 | Build | House |
| 0:31 | Build | Lumber Camp |
| 0:44 | Research | Loom |
| 0:49 | Create | Villager (Male) |
| 1:17 | Create | Villager (Male) |
| 1:46 | Create | Villager (Male) |
| 2:09 | Create | Villager (Male) |
| 2:35 | Create | Villager (Male) |
| 3:06 | Create | Villager (Male) |
| 3:06 | Create | Villager (Male) |
| 3:23 | Create | Villager (Male) |
| 3:31 | Build | Mill |
| 3:58 | Create | Villager (Male) |
| 4:17 | Create | Villager (Male) |
| 4:18 | Create | Villager (Male) |
| 4:40 | Create | Villager (Male) |
| 5:15 | Create | Villager (Male) |
| 6:05 | Research | Feudal Age |
| 6:05 | Research | Feudal Age |
| 6:06 | Research | Loom |
| 6:25 | Build | Mining Camp |
| 6:54 | Build | Barracks |
| 7:15 | Build | House |
| 8:15 | Age | Feudal Age |
| 8:19 | Build | Archery Range |
| 8:30 | Build | House |
| 9:09 | Create | Villager (Male) |
| 9:18 | Create | Villager (Male) |
| 9:25 | Create | Villager (Male) |
| 9:35 | Build | Archery Range |
| 9:58 | Create | Archer |
| 9:58 | Create | Archer |
| 10:18 | Research | Double-Bit Axe |
| 10:31 | Create | Villager (Male) |
| 10:33 | Create | Spearman |
| 10:44 | Create | Archer |
| 10:44 | Create | Archer |
| 10:57 | Build | Palisade Wall |
| 11:03 | Create | Villager (Male) |
| 11:05 | Create | Villager (Male) |
| 11:12 | Build | Blacksmith |
| 11:14 | Create | Archer |
| 11:14 | Create | Archer |
| 11:35 | Create | Spearman |
| 11:35 | Create | Villager (Male) |
| 11:39 | Build | House |
| 12:03 | Create | Villager (Male) |
| 12:13 | Research | Fletching |
| 12:13 | Research | Fletching |
| 12:26 | Create | Villager (Male) |
| 12:27 | Create | Archer |
| 12:30 | Build | House |
| 12:41 | Create | Archer |
| 12:50 | Create | Villager (Male) |
| 12:53 | Create | Archer |
| 12:53 | Create | Archer |
| 13:06 | Build | House |
| 13:22 | Create | Spearman |
| 13:22 | Create | Spearman |
| 13:31 | Create | Villager (Male) |
| 13:36 | Build | House |
| 13:37 | Build | Palisade Wall |
| 13:39 | Build | Palisade Wall |
| 13:43 | Create | Spearman |
| 13:46 | Build | Palisade Wall |
| 13:49 | Build | Palisade Wall |
| 14:30 | Create | Villager (Male) |
| 14:32 | Create | Archer |
| 14:32 | Create | Archer |
| 14:54 | Build | Farm |
| 14:54 | Build | Farm |
| 15:15 | Build | Farm |
| 15:17 | Build | Farm |
| 15:22 | Create | Villager (Male) |
| 15:29 | Build | Farm |
| 15:30 | Build | Farm |
| 15:30 | Build | Farm |
| 15:35 | Build | Farm |
| 15:37 | Build | Farm |
| 15:38 | Build | Farm |
| 15:51 | Build | House |
| 15:52 | Build | House |
| 16:00 | Build | Farm |
| 16:05 | Build | Farm |
| 16:30 | Create | Villager (Male) |
| 16:50 | Create | Archer |
| 16:50 | Create | Archer |
| 16:56 | Build | Market |
| 16:58 | Build | House |
| 17:13 | Build | Farm |
| 17:14 | Create | Villager (Male) |
| 17:16 | Create | Archer |
| 17:16 | Create | Archer |
| 17:28 | Create | Villager (Male) |
| 17:28 | Create | Villager (Male) |
| 17:53 | Build | Farm |
| 17:56 | Create | Archer |
| 17:56 | Create | Archer |
| 18:34 | Create | Villager (Male) |
| 18:42 | Create | Archer |
| 18:42 | Create | Archer |
| 18:42 | Create | Archer |
| 19:07 | Research | Castle Age |
| 19:10 | Create | Archer |
| 19:20 | Create | Archer |
| 20:07 | Create | Archer |
| 20:07 | Create | Archer |
| 20:07 | Create | Archer |
| 20:34 | Create | Archer |
| 20:34 | Create | Archer |
| 20:41 | Create | Archer |
| 21:47 | Age | Castle Age |
| 21:48 | Research | Bodkin Arrow |
| 21:48 | Research | Bodkin Arrow |
| 21:50 | Create | Villager (Male) |
| 21:51 | Create | Villager (Male) |
| 21:56 | Research | Crossbowman (upgrade) |
| 22:18 | Build | Town Center |
| 22:21 | Create | Archer |
| 22:21 | Create | Archer |
| 22:32 | Create | Archer |
| 22:32 | Create | Archer |
| 22:38 | Research | Bow Saw |
| 22:42 | Create | Archer |
| 22:43 | Create | Archer |
| 22:44 | Create | Villager (Male) |
| 22:44 | Create | Villager (Male) |
| 22:52 | Create | Villager (Male) |
| 23:01 | Create | Villager (Male) |
| 23:01 | Create | Villager (Male) |
| 23:08 | Create | Archer |
| 23:08 | Create | Archer |
| 23:39 | Create | Archer |
| 23:39 | Create | Archer |
| 23:40 | Create | Villager (Male) |
| 23:40 | Create | Villager (Male) |
| 23:40 | Create | Villager (Male) |
| 24:03 | Create | Villager (Male) |
| 24:03 | Create | Villager (Male) |
| 24:03 | Create | Archer |
| 24:04 | Create | Archer |
| 24:16 | Create | Villager (Male) |
| 24:16 | Create | Villager (Male) |
| 24:33 | Create | Villager (Male) |
| 24:50 | Create | Villager (Male) |
| 25:20 | Build | Farm |
| 25:21 | Create | Villager (Male) |
| 25:21 | Create | Villager (Male) |
| 25:38 | Research | Wheelbarrow |
Build order — TAG_Sitaux
First 150 of 1176 actions detected
| 0:01 | Create | Villager (Male) |
| 0:01 | Create | Villager (Male) |
| 0:02 | Build | House |
| 0:05 | Research | Loom |
| 0:06 | Build | House |
| 0:15 | Create | Villager (Male) |
| 0:16 | Create | Villager (Male) |
| 0:22 | Create | Villager (Male) |
| 0:35 | Create | Villager (Male) |
| 1:12 | Create | Villager (Male) |
| 1:28 | Build | Lumber Camp |
| 1:31 | Create | Villager (Male) |
| 1:54 | Create | Villager (Male) |
| 1:55 | Create | Villager (Male) |
| 2:12 | Create | Villager (Male) |
| 2:44 | Build | House |
| 2:45 | Build | House |
| 2:46 | Create | Villager (Male) |
| 3:01 | Create | Villager (Male) |
| 3:29 | Create | Villager (Male) |
| 3:38 | Create | Villager (Male) |
| 4:25 | Build | Mill |
| 4:32 | Create | Villager (Male) |
| 5:26 | Research | Feudal Age |
| 5:26 | Research | Feudal Age |
| 6:38 | Build | Barracks |
| 7:33 | Create | Villager (Male) |
| 7:40 | Age | Feudal Age |
| 7:42 | Build | Stable |
| 7:54 | Research | Double-Bit Axe |
| 7:54 | Research | Double-Bit Axe |
| 7:55 | Create | Villager (Male) |
| 8:07 | Build | House |
| 8:19 | Create | Villager (Male) |
| 8:26 | Create | Scout Cavalry |
| 8:46 | Create | Villager (Male) |
| 8:48 | Create | Scout Cavalry |
| 9:00 | Create | Villager (Male) |
| 9:06 | Research | Horse Collar |
| 9:12 | Build | Farm |
| 9:15 | Create | Villager (Male) |
| 9:16 | Build | Farm |
| 9:18 | Build | Farm |
| 9:20 | Build | Farm |
| 9:29 | Create | Scout Cavalry |
| 9:32 | Build | House |
| 9:32 | Build | House |
| 9:52 | Build | Mining Camp |
| 9:55 | Build | Mining Camp |
| 9:56 | Create | Villager (Male) |
| 10:10 | Create | Villager (Male) |
| 10:47 | Create | Villager (Male) |
| 10:53 | Build | Archery Range |
| 11:19 | Create | Villager (Male) |
| 11:22 | Build | Palisade Gate |
| 11:30 | Build | Farm |
| 11:34 | Create | Villager (Male) |
| 11:40 | Build | Farm |
| 11:50 | Create | Villager (Male) |
| 11:53 | Build | Palisade Wall |
| 11:55 | Build | Palisade Wall |
| 11:56 | Build | Palisade Wall |
| 12:00 | Build | House |
| 12:01 | Build | Palisade Wall |
| 12:05 | Build | Palisade Wall |
| 12:05 | Build | Palisade Wall |
| 12:08 | Build | Palisade Wall |
| 12:09 | Create | Villager (Male) |
| 12:21 | Build | Palisade Wall |
| 12:25 | Create | Villager (Male) |
| 12:29 | Build | Palisade Wall |
| 12:30 | Build | Palisade Wall |
| 12:35 | Build | Farm |
| 13:01 | Build | Farm |
| 13:01 | Create | Archer |
| 13:10 | Research | Castle Age |
| 13:10 | Research | Castle Age |
| 13:32 | Research | Horse Collar |
| 13:32 | Research | Horse Collar |
| 13:43 | Build | Farm |
| 13:47 | Create | Archer |
| 14:05 | Build | Farm |
| 14:11 | Build | Farm |
| 14:19 | Build | Farm |
| 14:36 | Create | Archer |
| 14:39 | Research | Stone Mining |
| 14:41 | Research | Gold Mining |
| 14:41 | Research | Gold Mining |
| 15:15 | Create | Archer |
| 15:28 | Build | Blacksmith |
| 15:50 | Age | Castle Age |
| 15:54 | Research | Crossbowman (upgrade) |
| 15:54 | Research | Crossbowman (upgrade) |
| 15:55 | Create | Villager (Male) |
| 16:00 | Build | House |
| 16:02 | Build | House |
| 16:04 | Build | House |
| 16:13 | Research | Fletching |
| 16:13 | Research | Fletching |
| 16:14 | Create | Villager (Male) |
| 16:32 | Create | Villager (Male) |
| 16:35 | Create | Archer |
| 16:45 | Create | Villager (Male) |
| 16:58 | Create | Villager (Male) |
| 17:02 | Create | Villager (Male) |
| 17:05 | Build | Town Center |
| 17:07 | Create | Archer |
| 17:20 | Research | Bodkin Arrow |
| 17:20 | Research | Bodkin Arrow |
| 17:26 | Create | Archer |
| 17:30 | Build | House |
| 17:32 | Build | House |
| 17:45 | Create | Villager (Male) |
| 17:46 | Build | Farm |
| 17:47 | Build | Farm |
| 17:50 | Build | Farm |
| 17:55 | Create | Villager (Male) |
| 18:06 | Create | Archer |
| 18:14 | Create | Villager (Male) |
| 18:30 | Create | Villager (Male) |
| 18:33 | Create | Archer |
| 18:36 | Create | Villager (Male) |
| 18:36 | Create | Villager (Male) |
| 18:51 | Build | Farm |
| 18:53 | Research | Bow Saw |
| 18:54 | Create | Archer |
| 19:02 | Build | Farm |
| 19:09 | Create | Villager (Male) |
| 19:09 | Create | Villager (Male) |
| 19:18 | Create | Villager (Male) |
| 19:18 | Create | Villager (Male) |
| 19:32 | Create | Archer |
| 19:37 | Create | Villager (Male) |
| 19:43 | Create | Archer |
| 19:48 | Create | Villager (Male) |
| 19:48 | Create | Villager (Male) |
| 19:57 | Build | Town Center |
| 20:00 | Create | Villager (Male) |
| 20:01 | Build | Farm |
| 20:05 | Build | Farm |
| 20:09 | Create | Villager (Male) |
| 20:24 | Create | Villager (Male) |
| 20:24 | Create | Villager (Male) |
| 20:49 | Create | Villager (Male) |
| 20:49 | Create | Villager (Male) |
| 21:04 | Create | Archer |
| 21:06 | Create | Villager (Male) |
| 21:25 | Create | Villager (Male) |
| 21:25 | Create | Villager (Male) |
| 21:27 | Build | University |
Build order — [BieSt] Bienenkönigin
First 150 of 615 actions detected
| 0:00 | Create | Villager (Male) |
| 0:01 | Create | Villager (Male) |
| 0:01 | Create | Villager (Male) |
| 0:06 | Research | Loom |
| 0:09 | Build | House |
| 0:12 | Build | House |
| 0:34 | Create | Villager (Male) |
| 0:35 | Create | Villager (Male) |
| 0:35 | Create | Villager (Male) |
| 0:35 | Create | Villager (Male) |
| 1:03 | Build | Lumber Camp |
| 1:29 | Create | Villager (Male) |
| 1:55 | Create | Villager (Male) |
| 1:55 | Create | Villager (Male) |
| 2:20 | Build | House |
| 2:42 | Create | Villager (Male) |
| 2:42 | Create | Villager (Male) |
| 3:04 | Create | Villager (Male) |
| 3:43 | Create | Villager (Male) |
| 3:44 | Create | Villager (Male) |
| 4:09 | Create | Villager (Male) |
| 4:43 | Build | House |
| 4:44 | Build | Palisade Wall |
| 5:05 | Create | Villager (Male) |
| 5:11 | Build | Mill |
| 5:23 | Build | Palisade Wall |
| 6:03 | Research | Feudal Age |
| 6:11 | Build | House |
| 6:12 | Build | House |
| 6:27 | Build | House |
| 6:28 | Build | House |
| 6:34 | Build | Palisade Wall |
| 6:44 | Build | House |
| 6:46 | Build | Palisade Wall |
| 7:11 | Build | Palisade Wall |
| 7:12 | Build | Palisade Wall |
| 7:13 | Build | Palisade Wall |
| 7:15 | Build | Palisade Wall |
| 7:16 | Build | Palisade Wall |
| 7:17 | Build | Palisade Wall |
| 7:18 | Build | Palisade Wall |
| 7:19 | Build | Palisade Wall |
| 7:20 | Build | Palisade Wall |
| 7:22 | Build | Palisade Wall |
| 7:23 | Build | Palisade Wall |
| 7:26 | Build | Palisade Wall |
| 7:27 | Build | Palisade Wall |
| 7:27 | Build | Palisade Wall |
| 7:28 | Build | Palisade Wall |
| 7:51 | Create | Villager (Male) |
| 7:51 | Create | Villager (Male) |
| 8:13 | Age | Feudal Age |
| 8:41 | Create | Villager (Male) |
| 8:48 | Build | Barracks |
| 9:28 | Create | Villager (Male) |
| 9:28 | Create | Villager (Male) |
| 10:11 | Build | Stable |
| 10:32 | Create | Villager (Male) |
| 10:32 | Create | Villager (Male) |
| 10:32 | Create | Villager (Male) |
| 10:36 | Create | Spearman |
| 10:37 | Create | Spearman |
| 10:37 | Create | Spearman |
| 11:22 | Build | Palisade Wall |
| 11:27 | Create | Villager (Male) |
| 11:29 | Create | Spearman |
| 11:42 | Create | Scout Cavalry |
| 11:42 | Create | Scout Cavalry |
| 11:44 | Create | Spearman |
| 12:26 | Create | Villager (Male) |
| 12:26 | Create | Villager (Male) |
| 12:38 | Create | Scout Cavalry |
| 12:44 | Build | Mining Camp |
| 12:47 | Build | Farm |
| 12:47 | Build | Farm |
| 12:47 | Build | Farm |
| 12:48 | Build | Farm |
| 12:48 | Build | Farm |
| 12:48 | Build | Farm |
| 12:48 | Build | Farm |
| 13:00 | Build | Farm |
| 13:02 | Create | Villager (Male) |
| 13:06 | Create | Scout Cavalry |
| 13:53 | Build | Palisade Gate |
| 14:01 | Build | Palisade Wall |
| 14:01 | Build | Palisade Wall |
| 14:04 | Create | Villager (Male) |
| 14:04 | Create | Villager (Male) |
| 14:06 | Create | Scout Cavalry |
| 14:20 | Create | Villager (Male) |
| 14:23 | Create | Scout Cavalry |
| 14:25 | Build | Farm |
| 14:26 | Build | Farm |
| 14:31 | Build | Farm |
| 14:32 | Build | Farm |
| 14:35 | Build | Farm |
| 14:37 | Build | Farm |
| 14:40 | Build | Farm |
| 14:42 | Build | Farm |
| 14:45 | Build | Farm |
| 14:55 | Build | House |
| 15:17 | Build | Lumber Camp |
| 15:25 | Create | Villager (Male) |
| 15:25 | Create | Villager (Male) |
| 15:45 | Create | Villager (Male) |
| 17:08 | Create | Villager (Male) |
| 17:11 | Build | Market |
| 17:16 | Build | Farm |
| 17:17 | Build | Farm |
| 17:22 | Build | Farm |
| 17:58 | Build | Farm |
| 18:01 | Build | Farm |
| 18:16 | Research | Castle Age |
| 18:19 | Build | Farm |
| 19:15 | Build | Blacksmith |
| 19:24 | Build | Stable |
| 19:46 | Build | House |
| 19:47 | Build | House |
| 19:52 | Build | Farm |
| 19:53 | Build | Farm |
| 20:07 | Create | Villager (Male) |
| 20:07 | Create | Villager (Male) |
| 20:09 | Research | Scale Barding Armor |
| 20:12 | Research | Forging |
| 20:13 | Research | Scale Mail Armor |
| 20:16 | Research | Scale Barding Armor |
| 20:56 | Age | Castle Age |
| 21:06 | Create | Knight |
| 21:06 | Create | Knight |
| 21:07 | Research | Husbandry |
| 21:09 | Research | Iron Casting |
| 21:12 | Build | Stable |
| 21:15 | Build | Farm |
| 21:48 | Build | Stable |
| 21:56 | Create | Knight |
| 22:00 | Research | Gold Mining |
| 22:18 | Create | Villager (Male) |
| 22:18 | Create | Villager (Male) |
| 22:49 | Create | Knight |
| 22:55 | Create | Knight |
| 22:59 | Create | Villager (Male) |
| 22:59 | Create | Villager (Male) |
| 23:06 | Create | Knight |
| 23:14 | Build | Farm |
| 23:15 | Build | Farm |
| 23:32 | Create | Knight |
| 23:33 | Create | Knight |
| 23:34 | Create | Villager (Male) |
| 23:34 | Create | Villager (Male) |
| 23:35 | Create | Villager (Male) |
Match timeline
| 4:44 | [BieSt] Bienenkönigin · wall_segment Palisade Wall x1 |
| 5:23 | [BieSt] Bienenkönigin · wall_segment Palisade Wall x1 |
| 6:34 | [BieSt] Bienenkönigin · wall_segment Palisade Wall x15 |
| 6:38 | TAG_Sitaux · first_building Barracks |
| 6:46 | [BieSt] Bienenkönigin · wall_segment Palisade Wall x3 |
| 6:50 | TAG_Smiley · first_building Barracks |
| 6:54 | Mongolsbiene · first_building Barracks |
| 7:11 | [BieSt] Bienenkönigin · wall_segment Palisade Wall x1 |
| 7:12 | [BieSt] Bienenkönigin · wall_segment Palisade Wall x1 |
| 7:13 | [BieSt] Bienenkönigin · wall_segment Palisade Wall x1 |
| 7:15 | [BieSt] Bienenkönigin · wall_segment Palisade Wall x1 |
| 7:16 | [BieSt] Bienenkönigin · wall_segment Palisade Wall x1 |
| 7:17 | [BieSt] Bienenkönigin · wall_segment Palisade Wall x1 |
| 7:18 | [BieSt] Bienenkönigin · wall_segment Palisade Wall x1 |
| 7:19 | [BieSt] Bienenkönigin · wall_segment Palisade Wall x1 |
| 7:20 | [BieSt] Bienenkönigin · wall_segment Palisade Wall x1 |
| 7:22 | [BieSt] Bienenkönigin · wall_segment Palisade Wall x1 |
| 7:23 | [BieSt] Bienenkönigin · wall_segment Palisade Wall x1 |
| 7:26 | [BieSt] Bienenkönigin · wall_segment Palisade Wall x4 |
| 7:27 | [BieSt] Bienenkönigin · wall_segment Palisade Wall x1 |
| 7:27 | [BieSt] Bienenkönigin · wall_segment Palisade Wall x1 |
| 7:28 | [BieSt] Bienenkönigin · wall_segment Palisade Wall x1 |
| 7:40 | TAG_Sitaux · age_up feudal |
| 7:42 | TAG_Sitaux · first_building Stable |
| 8:13 | [BieSt] Bienenkönigin · age_up feudal |
| 8:15 | Mongolsbiene · age_up feudal |
| 8:19 | Mongolsbiene · first_building Archery Range |
| 8:32 | TAG_Smiley · age_up feudal |
| 8:38 | TAG_Smiley · first_building Stable |
| 8:48 | [BieSt] Bienenkönigin · first_building Barracks |
| 9:28 | TAG_Smiley · wall_segment Palisade Wall x8 |
| 9:32 | TAG_Smiley · wall_segment Palisade Wall x4 |
| 9:55 | TAG_Smiley · wall_segment Palisade Wall x1 |
| 9:55 | TAG_Smiley · wall_segment Palisade Wall x1 |
| 9:56 | TAG_Smiley · wall_segment Palisade Wall x1 |
| 9:57 | TAG_Smiley · wall_segment Palisade Wall x1 |
| 9:58 | TAG_Smiley · wall_segment Palisade Wall x1 |
| 9:58 | TAG_Smiley · wall_segment Palisade Wall x1 |
| 10:11 | [BieSt] Bienenkönigin · first_building Stable |
| 10:53 | TAG_Sitaux · first_building Archery Range |
| 10:57 | Mongolsbiene · wall_segment Palisade Wall x1 |
| 11:21 | TAG_Smiley · wall_segment Palisade Wall x5 |
| 11:22 | [BieSt] Bienenkönigin · wall_segment Palisade Wall x1 |
| 11:53 | TAG_Sitaux · wall_segment Palisade Wall x1 |
| 11:55 | TAG_Sitaux · wall_segment Palisade Wall x3 |
| 11:56 | TAG_Sitaux · wall_segment Palisade Wall x2 |
| 12:01 | TAG_Sitaux · wall_segment Palisade Wall x8 |
| 12:05 | TAG_Sitaux · wall_segment Palisade Wall x1 |
| 12:05 | TAG_Sitaux · wall_segment Palisade Wall x1 |
| 12:08 | TAG_Sitaux · wall_segment Palisade Wall x10 |
| 12:21 | TAG_Sitaux · wall_segment Palisade Wall x5 |
| 12:29 | TAG_Sitaux · wall_segment Palisade Wall x3 |
| 12:30 | TAG_Sitaux · wall_segment Palisade Wall x6 |
| 12:49 | TAG_Smiley · wall_segment Palisade Wall x4 |
| 12:56 | TAG_Smiley · wall_segment Palisade Wall x1 |
| 12:56 | TAG_Smiley · wall_segment Palisade Wall x1 |
| 13:00 | TAG_Smiley · wall_segment Palisade Wall x1 |
| 13:37 | Mongolsbiene · wall_segment Palisade Wall x1 |
| 13:39 | Mongolsbiene · wall_segment Palisade Wall x1 |
| 13:46 | Mongolsbiene · wall_segment Palisade Wall x1 |
| 13:49 | Mongolsbiene · wall_segment Palisade Wall x1 |
| 14:01 | [BieSt] Bienenkönigin · wall_segment Palisade Wall x2 |
| 14:01 | [BieSt] Bienenkönigin · wall_segment Palisade Wall x1 |
| 15:50 | TAG_Sitaux · age_up castle |
| 18:53 | Mongolsbiene · first_market_sell 100 stone |
| 18:58 | Mongolsbiene · first_market_buy 100 food |
| 20:56 | [BieSt] Bienenkönigin · age_up castle |
| 21:40 | TAG_Smiley · age_up castle |
| 21:47 | Mongolsbiene · age_up castle |
| 22:54 | [BieSt] Bienenkönigin · first_market_sell 100 food |
| 23:06 | TAG_Smiley · first_market_buy 100 stone |
| 23:43 | [BieSt] Bienenkönigin · first_building Siege Workshop |
| 23:58 | TAG_Smiley · first_market_sell 100 wood |
| 24:23 | TAG_Smiley · first_building Siege Workshop |
| 26:34 | Mongolsbiene · first_building Monastery |
| 26:38 | TAG_Smiley · first_building Monastery |
| 27:00 | TAG_Sitaux · first_building Monastery |
| 28:43 | TAG_Sitaux · wall_segment Stone Wall x1 |
| 29:04 | TAG_Sitaux · first_market_buy 100 stone |
| 29:07 | TAG_Sitaux · first_building Castle |
| 29:12 | TAG_Sitaux · wall_segment Stone Wall x1 |
| 29:13 | TAG_Sitaux · wall_segment Stone Wall x1 |
| 29:14 | TAG_Sitaux · wall_segment Stone Wall x1 |
| 30:08 | [BieSt] Bienenkönigin · first_building Monastery |
| 30:25 | TAG_Sitaux · wall_segment Stone Wall x1 |
| 30:28 | TAG_Sitaux · wall_segment Stone Wall x1 |
| 31:34 | TAG_Sitaux · first_market_sell 100 wood |
| 32:55 | [BieSt] Bienenkönigin · first_market_buy 100 wood |
| 33:29 | TAG_Sitaux · tribute_sent a jugador 1 |
| 33:29 | TAG_Sitaux · tribute_sent a jugador 3 |
| 33:29 | TAG_Sitaux · tribute_sent a jugador 4 |
| 33:43 | TAG_Sitaux · tribute_sent a jugador 1 |
| 33:43 | TAG_Sitaux · tribute_sent a jugador 3 |
| 33:43 | TAG_Sitaux · tribute_sent a jugador 4 |
| 33:49 | TAG_Sitaux · tribute_sent a jugador 1 |
| 33:49 | TAG_Sitaux · tribute_sent a jugador 3 |
| 33:49 | TAG_Sitaux · tribute_sent a jugador 4 |
| 33:54 | Mongolsbiene · first_building Castle |
| 33:54 | TAG_Smiley · wall_segment Stone Wall x1 |
| 33:55 | TAG_Smiley · wall_segment Stone Wall x1 |
| 33:57 | TAG_Smiley · wall_segment Stone Wall x1 |
| 34:50 | TAG_Sitaux · tribute_sent a jugador 1 |
| 34:50 | TAG_Sitaux · tribute_sent a jugador 3 |
| 34:50 | TAG_Sitaux · tribute_sent a jugador 4 |
| 35:18 | TAG_Sitaux · wall_segment Stone Wall x3 |
| 35:19 | TAG_Sitaux · wall_segment Stone Wall x9 |
| 35:44 | TAG_Sitaux · wall_segment Stone Wall x6 |
| 36:18 | TAG_Sitaux · wall_segment Stone Wall x5 |
| 36:24 | TAG_Sitaux · wall_segment Stone Wall x9 |
| 36:33 | TAG_Sitaux · wall_segment Stone Wall x6 |
| 36:38 | TAG_Sitaux · wall_segment Stone Wall x7 |
| 37:28 | TAG_Sitaux · tribute_sent a jugador 1 |
| 37:28 | TAG_Sitaux · tribute_sent a jugador 3 |
| 37:28 | TAG_Sitaux · tribute_sent a jugador 4 |
| 37:50 | TAG_Sitaux · wall_segment Stone Wall x1 |
| 37:51 | TAG_Sitaux · wall_segment Stone Wall x1 |
| 37:56 | TAG_Sitaux · wall_segment Stone Wall x1 |
| 37:56 | TAG_Sitaux · wall_segment Stone Wall x1 |
| 37:58 | TAG_Sitaux · wall_segment Stone Wall x5 |
| 38:30 | TAG_Smiley · age_up imperial |
| 39:08 | [BieSt] Bienenkönigin · age_up imperial |
| 39:16 | TAG_Sitaux · age_up imperial |
| 39:51 | TAG_Sitaux · wall_segment Stone Wall x10 |
| 39:53 | TAG_Sitaux · wall_segment Stone Wall x14 |
| 39:57 | TAG_Sitaux · wall_segment Stone Wall x24 |
| 39:59 | TAG_Sitaux · wall_segment Stone Wall x6 |
| 40:00 | TAG_Sitaux · wall_segment Stone Wall x10 |
| 40:09 | TAG_Smiley · wall_segment Stone Wall x1 |
| 41:59 | Mongolsbiene · age_up imperial |
| 41:59 | TAG_Sitaux · first_building Siege Workshop |
| 46:12 | TAG_Sitaux · tribute_sent a jugador 1 |
| 46:12 | TAG_Sitaux · tribute_sent a jugador 3 |
| 46:12 | TAG_Sitaux · tribute_sent a jugador 4 |
| 46:42 | TAG_Sitaux · wall_segment Stone Wall x1 |
| 46:43 | TAG_Sitaux · wall_segment Stone Wall x1 |
| 46:43 | TAG_Sitaux · wall_segment Stone Wall x1 |
| 47:07 | [BieSt] Bienenkönigin · first_building Castle |
| 47:43 | TAG_Smiley · first_building Castle |
| 47:44 | Mongolsbiene · first_building Stable |
| 49:22 | TAG_Sitaux · wall_segment Stone Wall x6 |
| 49:38 | TAG_Smiley · wall_segment Stone Wall x2 |
| 51:57 | TAG_Smiley · wall_segment Stone Wall x1 |
| 52:38 | TAG_Sitaux · wall_segment Stone Wall x10 |
| 52:40 | TAG_Sitaux · wall_segment Stone Wall x3 |
| 52:42 | TAG_Sitaux · wall_segment Stone Wall x2 |
| 52:43 | TAG_Sitaux · wall_segment Stone Wall x1 |
| 52:44 | TAG_Sitaux · wall_segment Stone Wall x13 |
| 53:04 | TAG_Sitaux · tribute_sent a jugador 1 |
| 53:04 | TAG_Sitaux · tribute_sent a jugador 3 |
| 53:04 | TAG_Sitaux · tribute_sent a jugador 4 |
| 53:34 | TAG_Smiley · wall_segment Stone Wall x1 |
| 53:43 | TAG_Sitaux · wall_segment Stone Wall x1 |
| 55:08 | TAG_Sitaux · tribute_sent a jugador 1 |
| 55:08 | TAG_Sitaux · tribute_sent a jugador 3 |
| 55:08 | TAG_Sitaux · tribute_sent a jugador 4 |
| 55:29 | TAG_Sitaux · wall_segment Stone Wall x1 |
| 55:35 | TAG_Sitaux · wall_segment Stone Wall x1 |
| 55:36 | TAG_Sitaux · wall_segment Stone Wall x1 |
| 55:42 | TAG_Sitaux · wall_segment Stone Wall x1 |
| 56:23 | TAG_Sitaux · tribute_sent a jugador 1 |
| 56:23 | TAG_Sitaux · tribute_sent a jugador 3 |
| 56:23 | TAG_Sitaux · tribute_sent a jugador 4 |
| 57:26 | TAG_Sitaux · wall_segment Stone Wall x1 |
| 57:28 | TAG_Sitaux · wall_segment Stone Wall x8 |
| 57:29 | TAG_Sitaux · wall_segment Stone Wall x4 |
| 58:33 | TAG_Sitaux · wall_segment Stone Wall x6 |
| 58:34 | TAG_Sitaux · wall_segment Stone Wall x8 |
| 58:40 | TAG_Smiley · wall_segment Stone Wall x3 |
| 58:42 | TAG_Smiley · wall_segment Stone Wall x6 |
| 59:06 | TAG_Sitaux · wall_segment Stone Wall x1 |
| 59:07 | TAG_Sitaux · wall_segment Stone Wall x3 |
| 59:12 | TAG_Sitaux · wall_segment Stone Wall x1 |
| 59:14 | TAG_Sitaux · wall_segment Stone Wall x4 |
| 59:15 | TAG_Sitaux · wall_segment Stone Wall x5 |
| 59:16 | TAG_Sitaux · wall_segment Stone Wall x6 |
| 59:29 | TAG_Sitaux · wall_segment Stone Wall x2 |
| 59:30 | TAG_Sitaux · wall_segment Stone Wall x3 |
| 59:41 | TAG_Smiley · wall_segment Stone Wall x1 |
| 59:44 | TAG_Smiley · wall_segment Stone Wall x5 |
| 59:44 | TAG_Smiley · wall_segment Stone Wall x1 |
| 59:57 | TAG_Sitaux · wall_segment Palisade Wall x1 |
| 61:50 | TAG_Sitaux · wall_segment Stone Wall x1 |
| 62:09 | TAG_Sitaux · wall_segment Stone Wall x1 |
| 62:10 | TAG_Sitaux · wall_segment Stone Wall x2 |
| 62:13 | TAG_Sitaux · wall_segment Stone Wall x12 |
| 63:00 | TAG_Sitaux · wall_segment Stone Wall x3 |
| 63:19 | TAG_Sitaux · wall_segment Stone Wall x11 |
| 63:22 | TAG_Sitaux · wall_segment Stone Wall x12 |
| 63:28 | TAG_Sitaux · wall_segment Stone Wall x11 |
| 63:43 | TAG_Sitaux · wall_segment Stone Wall x2 |
| 63:44 | TAG_Sitaux · wall_segment Stone Wall x14 |
| 64:25 | TAG_Sitaux · tribute_sent a jugador 1 |
| 64:25 | TAG_Sitaux · tribute_sent a jugador 3 |
| 64:25 | TAG_Sitaux · tribute_sent a jugador 4 |
| 65:14 | TAG_Sitaux · wall_segment Stone Wall x1 |
| 65:15 | TAG_Sitaux · wall_segment Stone Wall x1 |
| 65:16 | TAG_Sitaux · wall_segment Stone Wall x1 |
| 65:17 | TAG_Sitaux · wall_segment Stone Wall x1 |
| 65:18 | TAG_Sitaux · wall_segment Stone Wall x1 |
| 65:19 | TAG_Sitaux · wall_segment Stone Wall x1 |
| 65:23 | TAG_Sitaux · wall_segment Stone Wall x1 |
| 65:26 | TAG_Sitaux · wall_segment Stone Wall x1 |
| 65:27 | TAG_Sitaux · wall_segment Stone Wall x1 |
| 65:28 | TAG_Sitaux · wall_segment Stone Wall x1 |
| 65:30 | TAG_Sitaux · wall_segment Stone Wall x1 |
| 65:31 | TAG_Sitaux · wall_segment Stone Wall x1 |
| 65:32 | TAG_Sitaux · wall_segment Stone Wall x1 |
| 66:08 | Mongolsbiene · first_building Siege Workshop |
| 67:11 | TAG_Sitaux · wall_segment Stone Wall x1 |
| 67:12 | TAG_Sitaux · wall_segment Stone Wall x1 |
| 67:13 | TAG_Sitaux · wall_segment Stone Wall x1 |
| 67:15 | TAG_Sitaux · wall_segment Stone Wall x1 |
| 67:16 | TAG_Sitaux · wall_segment Stone Wall x1 |
| 67:18 | TAG_Sitaux · wall_segment Stone Wall x1 |
| 67:22 | TAG_Sitaux · wall_segment Stone Wall x1 |
| 67:23 | TAG_Sitaux · wall_segment Stone Wall x1 |
| 67:25 | TAG_Sitaux · wall_segment Stone Wall x1 |
| 67:42 | TAG_Sitaux · tribute_sent a jugador 1 |
| 67:42 | TAG_Sitaux · tribute_sent a jugador 3 |
| 67:42 | TAG_Sitaux · tribute_sent a jugador 4 |
| 68:15 | TAG_Sitaux · wall_segment Stone Wall x1 |
| 68:16 | TAG_Sitaux · wall_segment Stone Wall x1 |
| 68:17 | TAG_Sitaux · wall_segment Stone Wall x1 |
| 68:20 | TAG_Sitaux · wall_segment Stone Wall x1 |
| 68:23 | TAG_Sitaux · wall_segment Stone Wall x1 |
| 68:27 | TAG_Sitaux · wall_segment Stone Wall x1 |
| 68:28 | TAG_Sitaux · wall_segment Stone Wall x1 |
| 68:31 | TAG_Sitaux · wall_segment Stone Wall x4 |
| 68:33 | TAG_Sitaux · wall_segment Stone Wall x1 |
| 68:34 | TAG_Sitaux · wall_segment Stone Wall x1 |
| 69:02 | TAG_Sitaux · wall_segment Stone Wall x1 |
| 69:18 | TAG_Sitaux · wall_segment Stone Wall x1 |
| 69:18 | TAG_Sitaux · wall_segment Stone Wall x2 |
| 69:22 | TAG_Sitaux · wall_segment Stone Wall x6 |
| 69:59 | TAG_Sitaux · wall_segment Stone Wall x1 |
| 70:00 | TAG_Sitaux · wall_segment Stone Wall x3 |
| 70:02 | TAG_Sitaux · wall_segment Stone Wall x5 |
| 70:58 | TAG_Sitaux · wall_segment Stone Wall x5 |
| 72:47 | Mongolsbiene · resign |
| 73:35 | TAG_Sitaux · wall_segment Stone Wall x1 |
| 73:36 | TAG_Sitaux · wall_segment Stone Wall x1 |
[ AI ANALYSIS · 1 CREDIT ]
What really happened in this match?
Wolo.gg analyzes every decision: build order, eco, micro, common mistakes by bracket. Personalized analysis on WhatsApp or Discord in 30 seconds.
Civ guide
Burmese
Perfil
Jugador #18004412